 Dungeon Crawl Stone Soup version 0.28-a0-1234-g826d19b2e0 (webtiles) character file.

Game seed: 12146362074613574601

3 r3xj the Conjurer (level 1, 0/13 HPs)
             Began as a Human Conjurer on Dec 23, 2021.
             Slain by a frilled lizard (2 damage)
             ... on level 1 of the Dungeon.
             The game lasted 00:00:26 (89 turns).

r3xj the Conjurer (Human Conjurer)                    Turns: 89, Time: 00:00:26

Health: 0/13       AC:  2    Str:  7    XL:     1   Next: 55%
Magic:  2/3        EV: 12    Int: 18    God:
Gold:   0          SH:  0    Dex: 11    Spells: 3/4 levels left

rFire   . . .      SeeInvis .   b - +0 club
rCold   . . .      Faith    .   (no shield)
rNeg    . . .      Spirit   .   a - +0 robe
rPois   .          Reflect  .   (no helmet)
rElec   .          Harm     .   (no cloak)
rCorr   .          Rampage  .   (no gloves)
Will    .....                   (no boots)
Stlth   ++........              (no amulet)
HPRegen 0.04/turn               (no ring)
MPRegen 0.08/turn               (no ring)

@: no status effects
A: no striking features
a: no special abilities


You were on level 1 of the Dungeon.
You visited 1 branch of the dungeon, and saw 1 of its levels.

Inventory:

Hand Weapons
 b - a +0 club (weapon)
Armour
 a - a +0 robe (worn)


   Skills:
 + Level 2.0 Dodging
 + Level 2.1 Stealth
 + Level 2.0 Spellcasting
 + Level 4.0 Conjurations


You had 3 spell levels left.
You knew the following spells:

 Your Spells              Type           Power      Damage    Failure   Level
a - Magic Dart            Conj           64%        1d6       3%          1

Your spell library contained the following spells:

 Spells                   Type           Power      Damage    Failure   Level
 Searing Ray              Conj           32%        2d5       5%          2
 Dazzling Flash           Conj/Hex       18%        N/A       24%         3
 Fulminant Prism          Conj/Hex       4%         3d6       61%         4
 Iskenderun's Mystic Bla  Conj/Tloc      9%         2d4       61%         4


Dungeon Overview and Level Annotations

Branches:
Dungeon (1/15)

Altars:


Message History

The hobgoblin is almost dead.
The frilled lizard hisses angrily.
The magic dart hits the hobgoblin.
You kill the hobgoblin!
A hobgoblin comes into view.
You are too depleted to draw on your mana recklessly!
Things that are here:
a +0 club; 2 stones
b - a +0 club
b - a +0 club (weapon)
You are too depleted to draw on your mana recklessly!
You barely miss the frilled lizard. The frilled lizard closely misses you.
You hit the frilled lizard but do no damage.
The frilled lizard closely misses you.
You closely miss the frilled lizard. The frilled lizard misses you.
The frilled lizard barely misses you.
You hit the hobgoblin.
The hobgoblin is lightly wounded.
The hobgoblin barely misses you. The frilled lizard bites you.
You hit the hobgoblin but do no damage. The hobgoblin completely misses you.
The frilled lizard misses you.
You barely miss the frilled lizard. The hobgoblin closely misses you.
The frilled lizard barely misses you. The hobgoblin closely misses you.
You hit the frilled lizard.
The frilled lizard is heavily wounded.
The frilled lizard bites you. The hobgoblin hits you.
The frilled lizard closely misses you.
You closely miss the frilled lizard.
The frilled lizard is heavily wounded.
The hobgoblin hits you but does no damage.
The frilled lizard bites you but does no damage.
You miss the frilled lizard.
The frilled lizard is heavily wounded.
The hobgoblin barely misses you. The frilled lizard barely misses you.
The hobgoblin hits you.
* * * LOW HITPOINT WARNING * * *
You miss the frilled lizard.
The frilled lizard is heavily wounded.
The frilled lizard bites you.
You die...

#....g... #.......# ###
#.......### ##### ##.##
#.........#####...###.≈.#
#.............#.♣.P..≈≈≈.
#.........###.'.....≈≈≈≈≈
#####.....# #.'.≈..≈≈≈≈≈≈
#..gl.# ###.P≈≈≈≈≈P≈≈
#...@.# #...≈..PP≈≈
#...(.# #...≈.P.≈≈≈
#.....# ###########
#######


You could see a hobgoblin and a frilled lizard.

Vanquished Creatures
  2 hobgoblins (D:1)
  A kobold (D:1)
3 creatures vanquished.

Notes
Turn   | Place    | Note
-------+----------+-------------------------------------------
     0 | D:1      | r3xj the Human Conjurer began the quest for the Orb.
     0 | D:1      | Reached XP level 1. HP: 13/13 MP: 3/3
    89 | D:1      | Slain by a frilled lizard

Illustrated notes

Levels and vault maps discovered:
D:1:      lightli_arrival_windingriver, layout_basic,
          dreamdust_ecumenical_altar_statues, minmay_split_cup_large

Action                   || total
-------------------------++-------
Melee: Club              ||    10
 Cast: Magic Dart        ||     5
Armor: Robe              ||     2
Dodge: Dodged            ||    13

Table legend: (Time is in decaauts)
 A = Elapsed time spent in this place.
 B = Non-inter-level travel time spent in this place.
 C = Inter-level travel time spent in this place.
 D = Time resting spent in this place.
 E = Time spent auto-exploring this place.
 F = Levels seen in this place.
 G = Mean time per level.
                   A        B        C        D        E       F      G
               +--------+--------+--------+--------+--------+-----+--------+
         Total |     93 |     93 |      0 |      0 |     62 |   1 |   93.0 |
       Dungeon |     93 |     93 |      0 |      0 |     62 |   1 |   93.0 |
               +--------+--------+--------+--------+--------+-----+--------+

Top non-repeatable levels by time:
     D:1: 93 daAuts
